 Dungeon Crawl Stone Soup version 0.29.1-12-g30fa7ad0bf (webtiles) character file.

Game seed: 10097933097526093769

7290 cheesebisquit the Severer (level 10, -4/126 HPs)
             Began as a Minotaur Berserker on Jan 3, 2023.
             Was an Elder of Trog.
             Slain by a komodo dragon (14 damage)
             ... on level 10 of the Dungeon.
             The game lasted 00:44:45 (10433 turns).

cheesebisquit the Severer (Minotaur Berserker)     Turns: 10433, Time: 00:44:46

Health: -4/126     AC:  7    Str: 32    XL:     10   Next: 89%
Magic:  0/9        EV: 12    Int:  4    God:    Trog [****..]
Gold:   540        SH:  0    Dex: 10    Spells: 9/9 levels left

rFire   . . .      SeeInvis .   G - +3 battleaxe (freeze)
rCold   . . .      Faith    .   (shield currently unavailable)
rNeg    . . .      Spirit   +   y - +0 scale mail
rPois   .          Reflect  .   (helmet restricted)
rElec   .          Harm     .   (no cloak)
rCorr   .          Rampage  .   (no gloves)
Will    ++...                   (no boots)
Stlth   ..........              f - amulet of guardian spirit
HPRegen 1.31/turn               u - +6 ring of strength
MPRegen 0.11/turn               (no ring)

@: berserking, lethally poisoned (-4 -> -4), strong-willed, regenerating, very
quick
A: horns 2, retaliatory headbutt
a: Renounce Religion, Berserk, Trog's Hand, Brothers in Arms


You were on level 10 of the Dungeon.
You worshipped Trog.
Trog was greatly pleased with you.
You visited 1 branch of the dungeon, and saw 10 of its levels.
You also visited: Ossuary.

You collected 764 gold pieces.
You spent 224 gold pieces at shops.

Inventory:

Hand Weapons
 h - a +0 war axe
 G - a +3 battleaxe of freezing (weapon)
 O - a +0 morningstar
Missiles
 o - 49 poisoned darts (quivered)
 F - 6 curare-tipped darts
 M - 43 stones
 N - 4 throwing nets
Armour
 b - a +0 animal skin
 y - a +0 scale mail (worn)
 B - a +0 ring mail
Jewellery
 f - an amulet of guardian spirit (around neck)
 u - a +6 ring of strength (left hand)
 z - an amulet of the acrobat
Wands
 a - a wand of digging (3)
 s - a wand of flame (28)
 A - a wand of mindburst (19)
 H - a wand of light (7)
 Q - a wand of paralysis (3)
Scrolls
 c - 2 scrolls of magic mapping
 d - 4 scrolls of teleportation
 g - a scroll of silence {unknown}
 i - a scroll of torment {unknown}
 j - a scroll of poison {unknown}
 l - 4 scrolls of butterflies
 m - a scroll of fear
 n - a scroll of brand weapon {unknown}
 p - 6 scrolls of enchant armour
 q - a scroll of immolation {unknown}
 r - a scroll of blinking {unknown}
 x - a scroll of acquirement {unknown}
 C - 2 scrolls of vulnerability
 L - 3 scrolls of noise
 P - a scroll of summoning {unknown}
Potions
 e - 4 potions of mutation
 k - 2 potions of magic
 t - 4 potions of curing
 v - 2 potions of cancellation
 w - 4 potions of heal wounds
 D - 2 potions of flight {unknown}
 E - a potion of berserk rage
 I - a potion of haste
 J - a potion of ambrosia {unknown}
 K - a potion of attraction {unknown}


   Skills:
 + Level 6.6 Fighting
 - Level 17.4 Axes
 + Level 6.1 Armour
 + Level 5.5 Dodging


You had 9 spell levels left.
You didn't know any spells.
Your spell library was empty.

Dungeon Overview and Level Annotations

Branches:
Dungeon (10/15)            Temple (0/1) D:5         Ossuary (visited)
   Lair: D:8-11         Orc: D:9-12

Altars:
Ashenzari
Dithmenos
Elyvilon
Fedhas
Hepliaklqana
Kikubaaqudgha
Makhleb
Qazlal
Sif Muna
Trog
Yredelemnul
The Shining One

Shops:
D:4 !   D:5 *   D:8 *:([


Innate Abilities, Weirdness & Mutations

You have a pair of horns on your head.
You reflexively headbutt those who attack you in melee.


Message History

The water moccasin bites you.
You are poisoned.
The water moccasin poisons you!
A gnoll comes into view. It is wielding a +0 whip.
The gnoll barely misses you.
You slice the water moccasin!! You freeze the water moccasin.
You kill the water moccasin!
Trog accepts your kill.
You slash the gnoll! You freeze the gnoll.
You feel very sick.
You slice the gnoll!! You freeze the gnoll.
You kill the gnoll!
Trog accepts your kill.
You feel very sick. The gnoll closely misses you.
Your skin crawls.
You feel strong-willed.
You feel sick.
The gnoll sergeant hits you from afar with a +0 spear!
The gnoll hits you from afar with a +0 spear!
You feel very sick. The gnoll barely misses you. The gnoll sergeant misses you.
Things that are here:
a +0 whip; a scroll of fear; a gnoll corpse You completely miss the gnoll.
You slash the gnoll sergeant! You freeze the gnoll sergeant.
You hit the komodo dragon but do no damage.
You feel sick.
The gnoll sergeant hits you with a +0 spear!
* * * LOW HITPOINT WARNING * * *
The gnoll hits you with a +0 spear.
* * * LOW HITPOINT WARNING * * *
The komodo dragon bites you!
* * * LOW HITPOINT WARNING * * *
A red film seems to cover your vision as you go berserk!
You feel yourself moving faster!
You feel mighty!
You feel sick.
The gnoll sergeant hits you with a +0 spear.
* * * LOW HITPOINT WARNING * * *
The gnoll barely misses you. The komodo dragon bites you!
You die...

#.......#..#
###.........# ..
###.........<.##...
#.......<...†.....#
........)†.†...$..#
...........††..##..
...........$...#
##............##
......g@.?....#
##....gl.......#
#....g.##.....#
#......#####....
......... ....
......... ...
...###... ..# #....


You could see a komodo dragon, a gnoll sergeant and 2 gnolls.

Vanquished Creatures
  A hornet (D:8)
  A troll (D:9)
  Sigmund (D:3)
  A wyvern (D:9)
  15 yaks
  A steam dragon (D:8)
  An acid dragon (D:8)
  6 water moccasins
  An ice beast (D:6)
  An orc warrior (D:8)
  4 centaurs
  A phantom (D:5)
  6 kobold brigands
  2 bullfrogs
  3 scorpions
  6 wights (D:6)
  11 killer bees
  7 howler monkeys
  3 hounds
  5 orc priests
  A gnoll bouda (D:4)
  9 iguanas
  11 orc wizards
  9 mummies
  7 gnolls
  9 adders
  2 shadow imps
  2 white imps
  An ufetubus (D:5)
  2 worms
  33 orcs
  9 endoplasms
  3 giant cockroaches
  7 goblins
  9 hobgoblins
  3 jackals (D:2)
  2 quokkas
  9 ball pythons
  5 bats
  2 frilled lizards (D:2)
  2 hobgoblin zombies (Ossuary)
  31 kobolds
  4 kobold zombies (Ossuary)
  2 orc zombies (Ossuary)
  2 rats
253 creatures vanquished.

Vanquished Creatures (others)
  A human (D:3)
  38 fungi (D:10)
  73 plants
112 creatures vanquished.

Grand Total: 365 creatures vanquished

Notes
Turn   | Place    | Note
-------+----------+-------------------------------------------
     0 | D:1      | cheesebisquit the Minotaur Berserker began the quest for
                  | the Orb.
     0 | D:1      | Reached XP level 1. HP: 19/19 MP: 0/0
   396 | D:1      | Reached XP level 2. HP: 26/27 MP: 1/1
   717 | D:1      | Reached skill level 4 in Axes
  1031 | D:2      | Reached XP level 3. HP: 17/33 MP: 0/2
  1368 | D:2      | Reached ** piety under Trog
  1399 | D:2      | Reached skill level 5 in Axes
  1647 | D:3      | Noticed Sigmund
  1660 | D:3      | Killed Sigmund
  1661 | D:3      | Reached skill level 7 in Axes
  1661 | D:3      | Reached XP level 4. HP: 31/40 MP: 3/3
  1661 | D:3      | Reached XP level 5. HP: 36/46 MP: 4/4
  1966 | D:3      | Reached XP level 6. HP: 49/52 MP: 5/5
  2002 | D:3      | Identified the +6 flail "Joul Dew" {vorpal, Fragile rPois
                  | MP+9 Stlth+}
  2058 | D:3      | Found an ancient bone altar of Kikubaaqudgha.
  2059 | D:3      | Noticed a human
  2062 | D:3      | Killed a human
  2378 | D:4      | Found a glowing golden altar of the Shining One.
  2449 | D:4      | Reached skill level 8 in Axes
  2591 | D:4      | Reached skill level 9 in Axes
  3123 | D:4      | Found Igrogh's Distillery.
  3400 | D:5      | Entered Level 5 of the Dungeon
  3441 | D:5      | Found a staircase to the Ecumenical Temple.
  3458 | D:5      | Reached XP level 7. HP: 58/58 MP: 6/6
  3484 | D:5      | Found Kidwi's General Store.
  3527 | D:5      | Bought a scroll of enchant armour for 112 gold pieces
  3527 | D:5      | Bought a scroll of enchant armour for 112 gold pieces
  3577 | D:5      | Reached skill level 10 in Axes
  4184 | D:5      | Reached skill level 11 in Axes
  4395 | D:5      | Reached XP level 8. HP: 55/66 MP: 5/7
  4686 | D:6      | Reached skill level 12 in Axes
  5086 | D:6      | Reached skill level 13 in Axes
  5783 | D:7      | Found a shadowy altar of Dithmenos.
  5784 | D:7      | Found a hazy altar of Hepliaklqana.
  5911 | D:7      | Found a blossoming altar of Fedhas.
  5923 | D:7      | Reached *** piety under Trog
  5924 | D:7      | Reached skill level 14 in Axes
  6020 | D:7      | Reached XP level 9. HP: 64/71 MP: 6/8
  6065 | D:7      | Found a sand-covered staircase.
  6072 | Ossuary  | Entered an ossuary
  6988 | D:8      | Found Ikaowog's General Store.
  7009 | D:8      | Reached skill level 15 in Axes
  7085 | D:8      | Reached skill level 16 in Axes
  7417 | D:8      | Found Niho's Antique Weapon Emporium.
  7711 | D:8      | Found Jojuod's Antique Armour Shoppe.
  7756 | D:8      | Reached XP level 10. HP: 78/78 MP: 9/9
  7762 | D:8      | Reached skill level 17 in Axes
  7969 | D:8      | Found a bloodstained altar of Trog.
  8238 | D:8      | Found Gaucwek's Book Shoppe.
  9057 | D:9      | Found a burning altar of Makhleb.
  9190 | D:9      | Found a white marble altar of Elyvilon.
  9229 | D:8      | Reached skill level 5 in Fighting
  9469 | D:9      | Reached **** piety under Trog
  9679 | D:9      | Found a broken altar of Ashenzari.
  9679 | D:9      | Found a shimmering blue altar of Sif Muna.
  9687 | D:9      | Found a faded altar of an unknown god.
  9689 | D:9      | Found a faded altar of an unknown god.
  9691 | D:9      | Found a basalt altar of Yredelemnul.
  9759 | D:9      | Found a stormy altar of Qazlal.
  9809 | D:10     | Entered Level 10 of the Dungeon
 10151 | D:9      | Reached skill level 5 in Armour
 10158 | D:9      | Reached skill level 5 in Dodging
 10433 | D:10     | Slain by a komodo dragon

Illustrated notes

Levels and vault maps discovered:
D:1:      eino_arrival_druids_welcome, layout_basic
D:2:      layout_rooms
D:3:      layout_basic, tgw_kikubaaqudgha, uniq_sigmund
D:4:      layout_loops_ring, mainiacjoe_overflow_tiny_flanked, serial_shops,
          shop, st_stairs_4, minmay_misc_feat_encased, minmay_increasing_density
D:5:      layout_loops_cross, minmay_temple_entry_drinking_statues,
          serial_shops, shop, serial_bayou_lagoon_a
D:6:      layout_basic
D:7:      layout_loops_ring, riverfiend_overflow_shadow_ancestor,
          mainiacjoe_overflow_cross_hatched, gup_ossuary_entry_pyramid,
          enter_bailey_7
D:8:      layout_loops_ring, trog_hazing_becter, serial_shops, shop,
          nicolae_shop_window_shopping, shop_fountains,
          nicolae_shop_advertising_works [nicolae_subvault_shop_adworks],
          minmay_misc_feat_rows
D:9:      layout_big_octagon, bloody_makhleb,
          chequers_temple_overflow_minitemple, overflow_temple_1_default,
          nicolae_qazlal_eye_of_the_storm
D:10:     layout_cave_pools, nicolae_gozag_seed_capital,
          nzn_wu_jian_contemplation, due_lair_maze_entry_diamond, uniq_harold

Skill      XL: |  1  2  3  4  5  6  7  8  9 10 |
---------------+-------------------------------+-----
Axes           | 4 7 9 11 14 16 17 | 17.4
Fighting       | 6 |  6.6
Armour         | 6 |  6.1
Dodging        | 5 |  5.5

Action                   |  1- 3 |  4- 6 |  7- 9 | 10-12 || total
-------------------------+-------+-------+-------+-------++-------
Melee: Hand axe          |    73 |    81 |       |       ||   154
       Headbutt          |     7 |    11 |    35 |     8 ||    61
       Punch             |       |     1 |     3 |       ||     4
       War axe           |       |       |    97 |       ||    97
       Battleaxe         |       |       |   132 |   100 ||   232
Invok: Berserk           |     2 |     2 |     9 |     2 ||    15
       Trog's Hand       |     1 |     2 |    10 |     3 ||    16
  Use: Scroll            |       |     7 |     4 |     4 ||    15
 Stab: Sleeping          |     1 |       |       |       ||     1
Armor: Animal skin       |     8 |       |       |       ||     8
       Ring mail         |     4 |    11 |       |       ||    15
       Scale mail        |       |    15 |    88 |    42 ||   145
Dodge: Dodged            |    46 |    47 |   123 |    89 ||   305
